 Dungeon Sprint DCSS version 0.30-a0-772-g5528072125 (webtiles) character file.

Game seed: 2916605550543678847

27119 rocky1 the Stickfighter (level 13, -12/116 HPs)
             Began as a Formicid Fighter on Feb 13, 2023.
             Was an Initiate of Gozag.
             Mangled by Donald
             ... wielding a +0 double sword
              (46 damage)
             ... in the Dungeon (Sprint IX: "|||||||||||||||||||||||||||||").
             The game lasted 00:16:02 (3210 turns).

rocky1 the Stickfighter (Formicid Fighter)          Turns: 3210, Time: 00:16:03

Health: -12/116    AC: 23    Str: 26    XL:     13   Next: 63%
Magic:  13/13      EV: 17    Int: 12    God:    Gozag
Gold:   3062       SH:  9    Dex: 14    Spells: 12/12 levels left

rFire   + . .      SeeInvis +    m - +6 bardiche (vamp)
rCold   + + .      Faith    .    c - +0 buckler
rNeg    + . .      Spirit   .    v - +6 scale mail of the Robin {rC+ rN+ Dex+4}
rPois   +          Reflect  .    (helmet unavailable)
rElec   .          Harm     .    G - +1 cloak
rCorr   .          Rampage  .    E - +1 pair of gloves
Will    +....                    F - +1 pair of boots
Stlth   +                        d - amulet "Diziydghei" {RegenMP +Inv rC++ Regen+ Int+2 Dex-5}
HPRegen 1.19/turn                o - +2 ring of evasion
MPRegen 0.53/turn                s - ring "Muonko" {Fire rPois Int+2 Dex+2 Stlth+}

@: no status effects
A: permanent stasis, dig shafts and tunnels, antennae 3, four strong arms
a: Dig, Renounce Religion, Evoke Invisibility, Potion Petition, Call Merchant,
Bribe Branch


You were in the Dungeon.
You worshipped Gozag.
Gozag was most pleased with you.
You visited 1 branch You collected 10431 gold pieces.
You spent 3395 gold pieces at shops.
You paid 3974 gold pieces to Gozag.

Inventory:

Hand Weapons
 k - a +4 quarterstaff of speed
 m - a +6 vampiric bardiche (weapon)
 u - a +3 dire flail
Armour
 c - a +0 buckler (worn)
 v - the +6 scale mail of the Robin (worn) {rC+ rN+ Dex+4}
   (You bought it in a shop in the Dungeon)

   Dex:       It affects your dexterity (+4).
   rC:        It protects you from cold.
   rN:        It protects you from negative energy.
 E - a +1 pair of gloves (worn)
 F - a +1 pair of boots (worn)
 G - a +1 cloak (worn)
Jewellery
 d - the amulet "Diziydghei" (around neck) {RegenMP +Inv rC++ Regen+ Int+2 Dex-5}
   (You bought it in a shop in the Dungeon)

   [amulet of magic regeneration]

   It increases your rate of magic regeneration.
   Int:       It affects your intelligence (+2).
   Dex:       It affects your dexterity (-5).
   rC:        It greatly protects you from cold.
   +Inv:      It lets you turn invisible.
   Regen:     It increases your rate of health regeneration.
 o - a +2 ring of evasion (left hand)
 s - the ring "Muonko" (right hand) {Fire rPois Int+2 Dex+2 Stlth+}
   (You bought it in a shop in the Dungeon)

   [ring of fire]

   It enhances your fire magic.
   Int:       It affects your intelligence (+2).
   Dex:       It affects your dexterity (+2).
   rF:        It protects you from fire.
   rC:        It makes you vulnerable to cold.
   rPois:     It protects you from poison.
   Stlth:     It makes you more stealthy.
 A - a ring of protection from cold
 B - a ring of protection from cold
 C - a ring of willpower
 D - a ring of poison resistance
Wands
 b - a wand of digging (4)
 q - a wand of flame (6)
 z - a wand of polymorph (8)
Scrolls
 h - 2 scrolls of amnesia
 i - 4 scrolls of enchant armour
 n - a scroll of torment
 r - 2 scrolls of fog
 y - 2 scrolls of fear
 H - 2 scrolls of enchant weapon
Potions
 a - 4 potions of mutation
 e - 14 potions of curing
 f - 7 potions of heal wounds
 g - 4 potions of magic
 j - 3 potions of might
 l - a potion of lignification
 w - a potion of attraction
 x - 4 potions of brilliance


   Skills:
 - Level 15.6 Fighting
 * Level 12.8(17.6) Polearms
 - Level 19.3(20.7) Staves
 - Level 13.5 Armour
 - Level 11.0 Dodging
 - Level 18.8 Shields
 + Level 5.0 Evocations


You had 12 spell levels left.
You didn't know any spells.
Your spell library was empty.

Dungeon Overview and Level Annotations

Branches:
Dungeon (1/1)

Altars:
Cheibriados
Dithmenos
Elyvilon
Fedhas
Gozag
Hepliaklqana
Kikubaaqudgha
Makhleb
Nemelex Xobeh
Okawaru
Qazlal
Ru
Sif Muna
Trog
Uskayaw
Vehumet
Wu Jian
Xom
Yredelemnul
Zin
The Shining One
Jiyva
Lugonu

Shops:
D ((**(=

Annotations:
D Donald


Innate Abilities, Weirdness & Mutations

You cannot be hasted, slowed, berserked, paralysed or teleported.
You can dig through walls and to a lower floor.
You have a pair of large antennae on your head. (SInv)
Your four strong arms can wield two-handed weapons with a shield.


Message History

Donald seems to grow stronger.
Something hits the human!!
You swap places.
You swap places.
You now have enough gold to bribe branches to halt enemies' attacks and recruit allies.
You now have 3062 gold pieces (gained 63).
The human hits Donald but does no damage.
Donald hits the human with a +0 double sword!!!
The human dies!
Donald mumbles some strange words.
Donald seems to speed up.
Donald blocks the human's attack.
Donald hits the human with a +0 double sword!!
The human dies!
Okay, then.
You feel a sense of dread.
m - a +6 vampiric bardiche (weapon)
You slice Donald!!
Donald is moderately wounded.
You block Donald's attack.
You slice Donald!!
Donald is heavily wounded.
Donald hits you with a +0 double sword!!
Donald says, "I hate the rich."
Donald hits you with a +0 double sword! Donald blocks your attack.
Donald is heavily wounded.
Donald hits you with a +0 double sword!!!
* * * LOW HITPOINT WARNING * * *
You hit Donald.
You feel better.
Donald is heavily wounded.
You block Donald's attack. Donald hits you but does no damage.
Donald blocks your attack.
Donald is heavily wounded.
Donald hits you with a +0 double sword!
* * * LOW HITPOINT WARNING * * *
You feel much better.
Donald hits you with a +0 double sword!!!
You die...
Your body crumbles into a pile of gold. {{{{{{{{{{{{{{{{{ {{{{{{{ { { {{{{{{{{ {{{{{{{{{ {{{{{{{{{ {{{{

▓▓▓▓▓▓▓▓▓▓▓▓▓▓▓▓▓▓▓▓▓▓▓▓▓▓
................@@††...†@.
▓▓▓▓▓▓▓▓▓▓▓▓▓▓▓▓▓▓▓▓▓▓▓▓▓▓▓▓▓▓▓▓▓
))....[).))'.?.....[...[[[[[..∩))
▓▓▓▓▓▓▓▓▓▓▓▓▓▓▓▓▓▓▓▓▓▓▓▓▓▓▓▓▓▓▓▓▓
)....................))..........
▓▓▓▓▓▓▓▓▓▓▓▓▓▓▓▓▓▓▓▓▓▓▓▓▓▓▓▓▓▓▓▓▓
)∩.∩[∩)∩.))))'.))).)))).).).)))))
▓▓▓▓▓▓▓▓▓▓▓▓▓▓▓▓▓▓▓▓▓▓▓▓▓▓▓▓▓▓▓▓▓
.................................


You could see Donald (fast, strong, reflecting).

Vanquished Creatures
  A lich (D)
  Kirke (D)
  A frost giant (D)
  A fire dragon (D)
  A rakshasa (D)
  An ice dragon (D)
  An ogre mage (D)
  A catoblepas (D)
  4 centaur warriors (D)
  2 boulder beetles (D)
  3 orc high priests (D)
  A vampire mage (D)
  12 orc knights (D)
  A wizard (D)
  A deep elf pyromancer (D)
  2 orc sorcerers (D)
  Joseph (D)
  8 elephants (D)
  A black mamba (D)
  Maurice (D)
  3 cane toads (D)
  Psyche (D)
  2 komodo dragons (D)
  2 slime creatures (D)
  5 yaks (D)
  A wyvern (D)
  A basilisk (shapeshifter) (D)
  2 hogs (D)
  A vampire mosquito (D)
  An acid dragon (D)
  5 water moccasins (D)
  10 orc warriors (D)
  A wolf (D)
  A centaur (D)
  A bullfrog (D)
  A necrophage (D)
  A gnoll sergeant (D)
  A killer bee (D)
  A hound (D)
  An orc priest (D)
  3 orc wizards (D)
  An iguana (D)
  8 orcs (D)
  A quokka (D)
  2 frilled lizards (D)
  A kobold (D)
  A rat (D)
104 creatures vanquished.

Vanquished Creatures (others)
  A troll (D)
  3 humans (D)
  2 orc warriors (D)
6 creatures vanquished.

Grand Total: 110 creatures vanquished

Notes
Turn   | Place    | Note
-------+----------+-------------------------------------------
     0 | D        | rocky1 the Formicid Fighter began the quest for the Orb.
     0 | D        | Reached XP level 1. HP: 18/18 MP: 1/1
    16 | D        | Reached skill level 3 in Staves
   226 | D        | Noticed a necrophage
   226 | D        | Noticed an iguana
   226 | D        | Noticed a hound
   226 | D        | Noticed an orc wizard
   237 | D        | Killed an orc wizard
   238 | D        | Reached skill level 5 in Staves
   238 | D        | Reached XP level 2. HP: 19/24 MP: 2/2
   238 | D        | Reached XP level 3. HP: 23/29 MP: 3/3
   243 | D        | Reached skill level 6 in Staves
   243 | D        | Reached XP level 4. HP: 30/37 MP: 4/4
   253 | D        | Killed a necrophage
   254 | D        | Reached skill level 5 in Fighting
   254 | D        | Reached skill level 8 in Staves
   254 | D        | Reached XP level 5. HP: 26/44 MP: 5/5
   438 | D        | Found a snail-covered altar of Cheibriados.
   438 | D        | Found a shadowy altar of Dithmenos.
   438 | D        | Found a white marble altar of Elyvilon.
   438 | D        | Found a blossoming altar of Fedhas.
   438 | D        | Found an opulent altar of Gozag.
   439 | D        | Found a hazy altar of Hepliaklqana.
   440 | D        | Found a viscous altar of Jiyva.
   441 | D        | Found an ancient bone altar of Kikubaaqudgha.
   442 | D        | Found a corrupted altar of Lugonu.
   443 | D        | Found a burning altar of Makhleb.
   444 | D        | Found a sparkling altar of Nemelex Xobeh.
   445 | D        | Found an iron altar of Okawaru.
   446 | D        | Became a worshipper of Gozag Ym Sagoz the Greedy
   447 | D        | Found a stormy altar of Qazlal.
   448 | D        | Found a sacrificial altar of Ru.
   449 | D        | Found a shimmering blue altar of Sif Muna.
   450 | D        | Found a bloodstained altar of Trog.
   451 | D        | Found a hide-covered altar of Uskayaw.
   452 | D        | Found a radiant altar of Vehumet.
   453 | D        | Found an ornate altar of the Wu Jian Council.
   454 | D        | Found a shimmering altar of Xom.
   455 | D        | Found a basalt altar of Yredelemnul.
   456 | D        | Found a glowing silver altar of Zin.
   457 | D        | Found a glowing golden altar of the Shining One.
   479 | D        | Got the +2 scimitar of Spite {holy, rPois}
   611 | D        | Noticed a yak
   611 | D        | Noticed a yak
   611 | D        | Noticed an acid dragon
   611 | D        | Noticed a centaur
   616 | D        | Killed a centaur
   617 | D        | Reached skill level 9 in Staves
   617 | D        | Reached XP level 6. HP: 31/53 MP: 6/6
   620 | D        | Killed an acid dragon
   621 | D        | Reached skill level 10 in Staves
   631 | D        | Killed a yak
   632 | D        | Reached skill level 10 in Shields
   632 | D        | Reached XP level 7. HP: 16/62 MP: 7/7
   644 | D        | Reached skill level 11 in Staves
   650 | D        | Killed a yak
   864 | D        | Noticed a slime creature
   864 | D        | Noticed a centaur warrior
   864 | D        | Noticed a troll
   864 | D        | Noticed a vampire mosquito
   864 | D        | Noticed a centaur warrior
   870 | D        | Killed a vampire mosquito
   870 | D        | Killed a troll
   871 | D        | Reached skill level 12 in Staves
   871 | D        | Reached skill level 1 in Dodging
   871 | D        | Reached skill level 1 in Evocations
   871 | D        | Reached XP level 8. HP: 45/71 MP: 8/8
   873 | D        | Killed a centaur warrior
   879 | D        | Killed a centaur warrior
   880 | D        | Reached skill level 10 in Fighting
   880 | D        | Reached skill level 13 in Staves
   880 | D        | Reached skill level 5 in Armour
   880 | D        | Reached XP level 9. HP: 51/78 MP: 9/9
   890 | D        | Reached skill level 5 in Evocations
  1195 | D        | Noticed a cane toad
  1195 | D        | Noticed a cane toad
  1204 | D        | Killed a cane toad
  1205 | D        | Noticed a komodo dragon
  1210 | D        | Reached skill level 14 in Staves
  1213 | D        | Reached skill level 5 in Dodging
  1216 | D        | Killed a cane toad
  1217 | D        | Reached XP level 10. HP: 61/87 MP: 10/10
  1237 | D        | Killed a komodo dragon
  1264 | D        | Noticed a cane toad
  1267 | D        | Noticed a catoblepas
  1267 | D        | Noticed a komodo dragon
  1272 | D        | Killed a cane toad
  1273 | D        | Reached skill level 15 in Staves
  1285 | D        | Noticed a black mamba
  1290 | D        | Killed a catoblepas
  1301 | D        | HP: 3/89 [komodo dragon (20)]
  1308 | D        | Killed a komodo dragon
  1315 | D        | Killed a black mamba
  1316 | D        | Reached skill level 15 in Shields
  1316 | D        | Reached XP level 11. HP: 36/95 MP: 11/11
  1749 | D        | Bought the amulet "Diziydghei" {RegenMP +Inv rC++ Regen+
                  | Int+2 Dex-5} for 662 gold pieces
  1749 | D        | Bought the ring "Muonko" {Fire rPois Int+2 Dex+2 Stlth+}
                  | for 568 gold pieces
  1780 | D        | Noticed an elephant
  1780 | D        | Noticed an elephant
  1780 | D        | Noticed an elephant
  1780 | D        | Noticed an elephant
  1780 | D        | Noticed an elephant
  1780 | D        | Noticed an elephant
  1788 | D        | Killed an elephant
  1789 | D        | Reached skill level 16 in Staves
  1796 | D        | Killed an elephant
  1797 | D        | Noticed an elephant
  1801 | D        | Noticed an elephant
  1806 | D        | Killed an elephant
  1815 | D        | Killed an elephant
  1824 | D        | Killed an elephant
  1825 | D        | Reached skill level 10 in Armour
  1836 | D        | Killed an elephant
  1847 | D        | Killed an elephant
  1859 | D        | Killed an elephant
  2033 | D        | Reached skill level 17 in Staves
  2054 | D        | Noticed an orc knight
  2089 | D        | Killed an orc knight
  2149 | D        | Noticed an orc sorcerer
  2149 | D        | Noticed an orc knight
  2167 | D        | Killed an orc knight
  2178 | D        | Killed an orc sorcerer
  2180 | D        | Noticed an orc sorcerer
  2204 | D        | Killed an orc sorcerer
  2205 | D        | Reached XP level 12. HP: 92/106 MP: 12/12
  2259 | D        | Found Joihucle's General Store.
  2267 | D        | Found Siuduz's General Store.
  2267 | D        | Noticed an orc high priest
  2279 | D        | Reached skill level 18 in Staves
  2298 | D        | Noticed a sun demon
  2303 | D        | Found Nuagofox's Antique Weapon Boutique.
  2332 | D        | Found Zeihagaw's Weapon Shop.
  2332 | D        | Noticed an orc high priest
  2347 | D        | Killed an orc high priest
  2348 | D        | Noticed an orc high priest
  2366 | D        | Noticed a sun demon
  2370 | D        | Reached skill level 10 in Dodging
  2381 | D        | Killed an orc high priest
  2382 | D        | Reached skill level 19 in Staves
  2387 | D        | Killed an orc high priest
  2468 | D        | Bought 2 potions of might for 96 gold pieces
  2468 | D        | Bought the +6 scale mail of the Robin {rC+ rN+ Dex+4} for
                  | 727 gold pieces
  2481 | D        | Bought a potion of curing for 42 gold pieces
  2481 | D        | Bought a scroll of identify for 28 gold pieces
  2481 | D        | Bought a potion of might for 56 gold pieces
  2481 | D        | Bought a scroll of torment for 133 gold pieces
  2481 | D        | Bought 2 potions of mutation for 224 gold pieces
  2481 | D        | Bought a scroll of fear for 56 gold pieces
  2488 | D        | Bought a potion of attraction for 39 gold pieces
  2488 | D        | Bought 2 potions of curing for 78 gold pieces
  2488 | D        | Bought a potion of brilliance for 52 gold pieces
  2488 | D        | Bought a potion of curing for 39 gold pieces
  2488 | D        | Bought a potion of might for 52 gold pieces
  2488 | D        | Bought a potion of brilliance for 52 gold pieces
  2488 | D        | Bought 2 potions of flight for 78 gold pieces
  2488 | D        | Bought a potion of heal wounds for 65 gold pieces
  2515 | D        | Noticed Psyche
  2523 | D        | Killed Psyche
  2544 | D        | Noticed Joseph
  2546 | D        | Noticed Maurice
  2554 | D        | Killed Joseph
  2571 | D        | Killed Maurice
  2572 | D        | Reached skill level 15 in Fighting
  2846 | D        | Bought a glowing bardiche for 348 gold pieces
  2864 | D        | Noticed a centaur warrior
  2864 | D        | Noticed a boulder beetle
  2864 | D        | Noticed an ogre mage
  2864 | D        | Noticed a boulder beetle
  2872 | D        | Noticed a frost giant
  2877 | D        | Noticed a centaur warrior
  2881 | D        | Killed a boulder beetle
  2885 | D        | Killed an ogre mage
  2886 | D        | Reached XP level 13. HP: 96/116 MP: 13/13
  2889 | D        | Noticed an ice dragon
  2893 | D        | Killed a centaur warrior
  2894 | D        | Noticed a lich
  2913 | D        | Killed a frost giant
  2914 | D        | Reached skill level 5 in Polearms
  2919 | D        | Killed a centaur warrior
  2925 | D        | Noticed a fire dragon
  2929 | D        | Killed a lich
  2936 | D        | Noticed a rakshasa
  2938 | D        | Killed an ice dragon
  2964 | D        | Killed a fire dragon
  2965 | D        | Reached skill level 10 in Polearms
  2975 | D        | Killed a rakshasa
  3164 | D        | Noticed Kirke
  3185 | D        | Killed Kirke
  3192 | D        | Noticed Donald
  3210 | D        | Mangled by Donald

Illustrated notes

Levels and vault maps discovered:
D:        linesprint [early_d, line_temple, items_1, d_10, items_2, lair_1,
          lair_end, items_3, orc_1, orc_end, items_4, d_15, swamp_1, shoals_1,
          snake_1, spider_1, d_20, vaults_1, items_5, swamp_end, shoals_end,
          snake_end, spider_end, vaults_end, d_27, items_6, zot_1, zot_end,
          crypt_end, forest_end, elf_end, slime_end, tomb_end, abyss_end,
          pan_hell_end]

Skill      XL: |  1  2  3  4  5  6  7  8  9 10 11 12 13 |
---------------+----------------------------------------+-----
Staves         | 5 6 8 9 10 12 13 14 15 17 19 | 19.3
Shields        | 6 8 9 10 11 12 13 15 16 18 | 18.8
Fighting       | 4 5 6 8 9 10 11 12 13 15 | 15.6
Armour         | 4 5 7 9 11 13 | 13.5
Dodging        | 1 3 5 7 9 10 11 | 11.0
Evocations     | 1 4 5 |  5.0
Polearms       | 3 12 | 12.8

Action                     |  1- 3 |  4- 6 |  7- 9 | 10-12 | 13-15 || total
---------------------------+-------+-------+-------+-------+-------++-------
  Melee: Quarterstaff      |    30 |    27 |    50 |   404 |    99 ||   610
         Bardiche          |       |       |       |       |     5 ||     5
 Invoke: Call Merchant     |       |       |     1 |     2 |       ||     3
         Potion Petition   |       |       |       |     3 |       ||     3
  Evoke: Wand              |       |       |     2 |     8 |       ||    10
    Use: Potion            |       |     1 |     2 |     6 |     1 ||    10
   Stab: Invisible         |       |     4 |     6 |    14 |       ||    24
         Distracted        |       |       |       |     2 |     1 ||     3
 Armour: Scale mail        |     6 |     2 |       |     3 |    23 ||    34
         Plate armour      |       |     5 |    12 |    34 |       ||    51
  Dodge: Dodged            |     8 |     8 |     7 |    68 |    15 ||   106
  Block: Buckler           |     7 |     3 |    13 |    45 |     9 ||    77

Table legend: (Time is in decaauts)
 A = Elapsed time spent in this place.
 B = Non-inter-level travel time spent in this place.
 C = Inter-level travel time spent in this place.
 D = Time resting spent in this place.
 E = Time spent auto-exploring this place.
 F = Levels seen in this place.
 G = Mean time per level.
                   A        B        C        D        E       F      G
               +--------+--------+--------+--------+--------+-----+--------+
         Total |   2845 |   2845 |      0 |   1437 |      0 |   1 | 2845.0 |
       Dungeon |   2845 |   2845 |      0 |   1437 |      0 |   1 | 2845.0 |
               +--------+--------+--------+--------+--------+-----+--------+

Top non-repeatable levels by time:
       D: 2845 daAuts
